 Dungeon Crawl Stone Soup version 0.29-a0-757-g358383bc75 (webtiles) character file.

Game seed: 8283433457825663728

538 scionoferis the Conjurer (level 7, 57/57 HPs)
             Began as a Black Draconian Conjurer on June 30, 2022.
             Was an Initiate of Vehumet.
             Got out of the dungeon alive.
             The game lasted 00:19:27 (5271 turns).

scionoferis the Conjurer (Black Draconian Conjurer) Turns: 5271, Time: 00:19:28

Health: 57/57      AC:  8    Str:  9    XL:     7   Next: 5%
Magic:  13/13      EV: 12    Int: 21    God:    Vehumet [......]
Gold:   195        SH:  0    Dex:  9    Spells: 10/14 levels left

rFire   . . .      SeeInvis .   D - +1 dagger (elec)
rCold   . . .      Faith    .   (no shield)
rNeg    . . .      Spirit   .   (body armour unavailable)
rPois   .          Reflect  .   (helmet restricted)
rElec   +          Harm     .   (no cloak)
rCorr   .          Rampage  .   (no gloves)
Will    .....                   g - +1 pair of boots
Stlth   ++........              (no amulet)
HPRegen 0.19/turn               (no ring)
MPRegen 0.13/turn               (no ring)

@: no status effects
A: breathe lightning, AC +6, unfitting armour, electricity resistance,
cold-blooded
a: Breathe Lightning, Renounce Religion


You escaped.
You worshipped Vehumet.
Vehumet was noncommittal.
You visited 1 branch of the dungeon, and saw 4 of its levels.

You collected 195 gold pieces.

Inventory:

Hand Weapons
 d - a +0 dagger
 j - a +2 short sword of protection
 t - a +0 whip of draining
 A - a +2 hand axe of flaming
 D - a +1 dagger of electrocution (weapon)
Missiles
 c - 6 poisoned darts (quivered)
 f - 35 stones
 r - 2 boomerangs of dispersal
Armour
 g - a +1 pair of boots (worn)
Magical Staves
 u - a staff of cold
Jewellery
 n - an amulet of faith
Scrolls
 k - a scroll of magic mapping
 m - a scroll of fear
 q - a scroll of immolation
 w - a scroll of amnesia
 x - a scroll of noise
 y - 2 scrolls of poison
 z - a scroll of teleportation
Potions
 a - 3 potions of magic
 s - a potion of ambrosia


   Skills:
 + Level 3.0 Fighting
 + Level 3.1 Dodging
 + Level 3.3 Stealth
 * Level 4.2 Spellcasting
 + Level 4.8 Conjurations
 + Level 1.8 Translocations


You had 10 spell levels left.
You knew the following spells:

 Your Spells              Type           Power      Damage    Failure   Level
a - Magic Dart            Conj           96%        1d7       1%          1
b - Searing Ray           Conj           48%        2d6       2%          2
c - Apportation           Tloc           24%        N/A       5%          1

Your spell library contained the following spells:

 Spells                   Type           Power      Damage    Failure   Level
 Necrotize                Necr           16%        1d4       12%         1
 Summon Small Mammal      Summ           16%        N/A       12%         1
 Dazzling Flash           Conj/Hex       28%        N/A       13%         3
 Portal Projectile        Hex/Tloc       16%        N/A       24%         3
 Iskenderun's Mystic Bla  Conj/Tloc      18%        2d6       30%         4
 Call Canine Familiar     Summ           4%         N/A       34%         3
 Fulminant Prism          Conj/Hex       7%         3d7       41%         4
 Passage of Golubria      Tloc           12%        N/A       50%         4
 Leda's Liquefaction      Hex/Erth       2%         N/A       75%         4
 Alistair's Intoxication  Tmut/Pois      2%         N/A       97%         5
 Silence                  Hex/Air        2%         N/A       97%         5
 Lehudib's Crystal Spear  Conj/Erth      7%         10d3      100%        8


Dungeon Overview and Level Annotations

Branches:
Dungeon (4/15)
 Temple: D:4-7

Altars:
Elyvilon
Vehumet

Shops:
D:3 [

Annotations:
D:4 Ijyb


Innate Abilities, Weirdness & Mutations

You can breathe wild blasts of lightning.
Your glossy black scales are hard. (AC +6)
You cannot fit into any form of body armour.
You are resistant to electric shocks. (rElec)
You are cold-blooded and may be slowed by cold attacks.


Message History

You start waiting.
You feel a little less clever now.
You start to feel less resistant.
As you read the scroll labelled LISMUSHRAUVI, it crumbles to dust.
You feel momentarily disoriented.
It was a scroll of magic mapping.
As you read the scroll labelled PAOQIL CUPHEMU, it crumbles to dust.
It is a scroll of enchant weapon.
Your +0 dagger of electrocution glows red for a moment.
As you read the scroll labelled OMIZXONAOGI, it crumbles to dust.
It is a scroll of enchant armour.
Your +0 pair of boots glows green for a moment.
As you read the scroll labelled HOF ZOCIFFAEPLE, it crumbles to dust.
It is a scroll of identify.
m - a scroll of fear
As you read the scroll of identify, it crumbles to dust.
q - a scroll of immolation
As you read the scroll of identify, it crumbles to dust.
w - a scroll of amnesia You recover from your berserk rage.
Your resistance to elements expires.
As you read the scroll of identify, it crumbles to dust.
x - a scroll of noise
As you read the scroll of identify, it crumbles to dust.
y - 2 scrolls of poison
As you read the scroll of identify, it crumbles to dust.
z - a scroll of teleportation
(D) Dungeon
Where to? (Enter - D:3 @ (x,y), ? - help)
What level of the Dungeon? (default 1, ? - help)
There is an open door here.
There is an escape hatch in the floor here.
There is a stone staircase leading up here.
You climb upwards.
There is a stone staircase leading down here.
There is a stone staircase leading up here.
You climb upwards.
There is a stone staircase leading down here.
You can't go up here!
There is an open door here.
There is a staircase leading out of the dungeon here.
Are you sure you want to leave the Dungeon?
This will make you lose the game!
You have escaped!

.#.# #................. .#.#
#########..#.##### .#.#
#################..#.# ...#
##.##...........##....#
...####..##...........##.####
.........##...........##...#
)..####..##...........####.#
...#
##.##...........####.######
.#.#
#..'.....@.....'..........
.#.#
#.##...........####.#####.
.#>#####.##...........# #.#
#. .#.##....##....[......#
#.# #.
.#.##.##.##...........####.#
#.
.........##...........##...#
#.
#####.##.###################
#. #.##.# #. #.##.# ######.


There were no monsters in sight!

Vanquished Creatures
  2 ogres (D:4)
  A scorpion (D:4)
  2 hounds (D:4)
  An iguana (D:4)
  2 orc wizards
  Robin (D:4)
  4 adders
  3 worms
  2 dart slugs (D:1)
  19 orcs
  3 ball pythons
  5 bats
  6 endoplasms
  10 giant cockroaches
  9 goblins
  8 hobgoblins
  6 kobolds
  5 quokkas
  A frilled lizard (D:1)
  6 rats
96 creatures vanquished.

Vanquished Creatures (others)
  An endoplasm (D:4)
1 creature vanquished.

Grand Total: 97 creatures vanquished

Notes
Turn   | Place    | Note
-------+----------+-------------------------------------------
     0 | D:1      | scionoferis the Draconian Conjurer began the quest for the
                  | Orb.
     0 | D:1      | Reached XP level 1. HP: 14/14 MP: 3/3
   374 | D:1      | Reached XP level 2. HP: 22/22 MP: 1/5
   377 | D:1      | Learned a level 2 spell: Searing Ray
   721 | D:1      | Found a faded altar of an unknown god.
  1124 | D:2      | Reached skill level 1 in Fighting
  1210 | D:2      | Reached XP level 3. HP: 28/28 MP: 6/6
  1902 | D:2      | Reached XP level 4. HP: 35/35 MP: 4/8
  2819 | D:3      | Found Minat's Antique Armour Shop.
  2915 | D:3      | Learned a level 1 spell: Apportation
  3470 | D:3      | Reached XP level 5. HP: 40/41 MP: 3/9
  3783 | D:4      | Noticed an ogre
  3791 | D:4      | Killed an ogre
  3959 | D:4      | Noticed an ogre
  3965 | D:4      | Killed an ogre
  3966 | D:4      | Reached skill level 1 in Translocations
  3966 | D:4      | Reached XP level 6. HP: 49/49 MP: 5/11
  3977 | D:4      | Noticed Robin
  3991 | D:4      | Killed Robin
  4143 | D:4      | Found a white marble altar of Elyvilon.
  4959 | D:4      | Found a radiant altar of Vehumet.
  4967 | D:4      | Noticed Ijyb
  4968 | D:4      | Became a worshipper of Vehumet
  5003 | D:4      | Your scales start taking on a glossy black colour.
  5003 | D:4      | Reached XP level 7. HP: 37/57 MP: 3/13
  5003 | D:4      | Gained mutation: You are resistant to electric shocks.
                  | (rElec) [Black Draconian growth]
  5271 | D:$      | Got out of the dungeon alive.

Illustrated notes

Levels and vault maps discovered:
D:1:      psy_arrival_statuary, layout_loops_ring,
          dreamdust_ecumenical_altar_angels_and_demons
D:2:      minmay_roachtagon, layout_basic
D:3:      layout_basic, serial_shops, nicolae_shop_hallway_stairs
D:4:      layout_loops_corners, elyvilon_altar_5, vehumet_crystals, uniq_ijyb,
          uniq_robin

Skill      XL: |  1  2  3  4  5  6 |
---------------+-------------------+-----
Stealth        | 2 3 |  3.3
Dodging        | 2 3 |  3.1
Fighting       | 1 2 3 |  3.0
Spellcasting   | 3 4 |  4.2
Translocations | 1 |  1.8
Conjurations   | |  4.8

Action                   |  1- 3 |  4- 6 |  7- 9 || total
-------------------------+-------+-------+-------++-------
Melee: Dagger            |   175 |       |       ||   175
       Tailslap          |    21 |     4 |       ||    25
       Punch             |     1 |       |       ||     1
       Short sword       |    11 |    68 |       ||    79
Throw: Dart              |     7 |     7 |       ||    14
 Cast: Magic Dart        |    17 |    15 |       ||    32
       Searing Ray       |    11 |    24 |       ||    35
  Use: Scroll            |       |       |     9 ||     9
       Potion            |       |       |     8 ||     8
 Stab: Sleeping          |     4 |     2 |       ||     6
Armor: Skin              |    59 |    36 |       ||    95
Dodge: Dodged            |   109 |    35 |       ||   144

Table legend: (Time is in decaauts)
 A = Elapsed time spent in this place.
 B = Non-inter-level travel time spent in this place.
 C = Inter-level travel time spent in this place.
 D = Time resting spent in this place.
 E = Time spent auto-exploring this place.
 F = Levels seen in this place.
 G = Mean time per level.
                   A        B        C        D        E       F      G
               +--------+--------+--------+--------+--------+-----+--------+
         Total |   5294 |   5144 |    150 |    687 |   3344 |   4 | 1323.5 |
       Dungeon |   5294 |   5144 |    150 |    687 |   3344 |   4 | 1323.5 |
               +--------+--------+--------+--------+--------+-----+--------+

Top non-repeatable levels by time:
     D:2: 1616 daAuts
     D:3: 1349 daAuts
     D:4: 1288 daAuts
     D:1: 1040 daAuts
